Map: [ESL] Alcyone

Players

Scarlett

  • Race: Zerg Zerg
  • Spawn Location: 1:00

Cham - Winner!

  • Race: Zerg Zerg
  • Spawn Location: 7:00

Event: ESL SC2 Masters 2023 Winter (Regional)

VOD

Have the link to the VOD?

Description

Time

  • Played on: Nov. 17, 2023, 2:59 p.m.
  • Length: 14:03

All games in this series

Show
View Real Time Build Order
Export as new Build Order

Scarlett Zerg 

Build Orders: Hatch First 

Get SALT Encoding   

  12  0:00  Drone  
  13  0:12  Overlord  
  13  0:17  Drone  
  14  0:30  Drone x2  
  14  0:35  Drone  
  17  0:52  Hatchery  
  17  0:55  Drone  
  17  0:58  Drone  
  18  1:09  Extractor  
  17  1:13  Spawning Pool  
  17  1:15  Drone  
  17  1:18  Drone  
  18  1:28  Drone  
  19  1:41  Drone  
  20  1:50  Overlord  
  20  2:03  Queen  
  20  2:04  Queen  
  20  2:05  Drone  
  25  2:09  Metabolic Boost  
  26  2:15  Drone  
  26  2:17  Drone x2  
  28  2:26  Drone  
  28  2:27  Zergling x2  
  30  2:38  Drone  
  30  2:39  Hatchery  
  30  2:46  Overlord  
  30  2:54  Drone x3  
  33  3:00  Drone  
  33  3:02  Queen  
  33  3:05  Overlord  
  36  3:11  Overlord  
  36  3:12  Drone x5  
  41  3:17  Overlord  
  41  3:18  Drone  
  42  3:21  Extractor  
  42  3:25  Roach Warren  
  40  3:31  Drone  
  41  3:35  Zergling x4  
  43  3:45  Drone x7  
  43  3:48  Zergling x2  
  51  3:53  Zergling x2  
  52  4:01  Overlord  
  52  4:02  Overlord  
  52  4:08  Drone x2  
  54  4:11  Drone  
  54  4:13  Drone x3, Extractor  
  54  4:15  Roach  
  59  4:17  Roach x4  
  59  4:23  Roach  
  69  4:28  Spine Crawler  
  69  4:29  Roach x5  
  78  4:36  Roach  
  78  4:37  Lair  
  80  4:41  Roach x2  
  80  4:42  Overlord  
  80  4:43  Roach x2  
  80  4:44  Roach  
  90  4:49  Overlord  
  90  4:54  Overlord  
  90  4:59  Overlord  
  90  5:05  Roach x2  
  94  5:09  Roach x4  
  94  5:14  Roach x4  
  110  5:21  Roach x2  
  114  5:32  Drone x8  
  122  5:35  Glial Reconstitution  
  122  5:36  Extractor x2  
  122  5:37  Drone  
  121  5:44  Drone  
  121  5:46  Overlord  
  121  5:47  Overlord x2  
  121  5:48  Hatchery  
  121  5:53  Evolution Chamber  
  121  5:55  Drone x2  
  122  6:00  Overlord x2  
  122  6:06  Drone x7  
  122  6:09  Roach x2  
  133  6:11  Ravager x4  
  133  6:16  Roach  
  133  6:17  Overlord x2  
  139  6:22  Roach x2  
  143  6:27  Roach x2  
  143  6:29  Zerg Missile Weapons Level 1  
  147  6:34  Roach  
  147  6:35  Roach x2  
  159  6:40  Roach x3  
  159  6:43  Roach x2  
  159  6:45  Overlord x2  
  163  6:51  Roach x2  
  167  6:55  Roach  
  167  6:59  Roach x2  
  173  7:01  Roach  
  173  7:02  Roach x2  
  179  7:12  Roach  
  179  7:13  Roach x5  
  179  7:21  Roach x2  
  152  7:33  Roach x10  
  168  7:37  Roach x3  
  168  7:42  Roach  
  176  7:44  Extractor  
  176  7:45  Roach x2  
  176  7:50  Roach x2  
  183  7:56  Roach x4  
  183  7:58  Overlord  
  191  7:59  Ravager  
  191  8:01  Overlord  
  192  8:07  Overlord  
  192  8:10  Roach  
  192  8:19  Overlord  
  192  8:23  Zerg Missile Weapons Level 2  
  186  8:34  Drone  
  186  8:35  Drone x12  
  186  8:38  Roach  
  186  8:41  Queen  
  184  8:48  Roach  
  184  8:49  Roach x2  
  184  8:53  Ravager  
  184  8:54  Roach  
  189  8:59  Roach x5  
  189  9:00  Ravager  
  196  9:03  Ravager x4  
  196  9:08  Infestation Pit  
  199  9:18  Extractor  
  199  9:19  Ravager  
  199  9:20  Spine Crawler  
  199  9:21  Ravager  
  199  9:26  Ravager  
  199  9:29  Overlord x2  
  200  9:40  Roach  
  190  9:47  Infestor x3  
  190  9:50  Roach x4  
  196  9:54  Queen  
  196  9:59  Ravager  
  199  10:02  Pneumatized Carapace  
  199  10:05  Hatchery  
  196  10:08  Spine Crawler  
  196  10:10  Roach  
  196  10:11  Roach  
  195  10:15  Roach  
  195  10:18  Ravager x2  
  199  10:23  Overseer  
  199  10:25  Spine Crawler  
  190  10:29  Roach x5  
  190  10:31  Overseer  
  200  10:42  Roach x7  
  200  10:46  Zerg Ground Armor Level 1  
  180  10:52  Roach x9  
  169  11:02  Roach x5  
  169  11:03  Roach  
  162  11:05  Roach  
  162  11:06  Roach  
  162  11:10  Roach  
  168  11:14  Infestor  
  170  11:21  Drone  
  170  11:22  Drone x3  
  174  11:26  Drone  
  174  11:27  Drone x2  
  174  11:31  Overseer  
  177  11:37  Roach x7  
  177  11:38  Ravager  
  192  11:45  Roach x4  
  200  12:05  Roach  
  200  12:06  Roach  
  198  12:16  Overseer  
  198  12:18  Drone x6  
  198  12:23  Roach  
  198  12:25  Hive  
  198  12:26  Hydralisk Den  
  198  12:28  Spine Crawler  
  198  12:30  Spine Crawler  
  192  12:40  Drone x7  
  196  12:44  Drone x3  
  196  12:47  Roach x2  
  198  12:58  Roach x5  
  199  13:01  Spine Crawler  
  184  13:06  Roach x13  
  184  13:07  Roach  
  189  13:17  Roach x3  
  136  13:28  Roach x4  
  136  13:31  Roach x2  
  126  13:36  Roach  
  126  13:41  Roach x3  
Show
View Real Time Build Order
Export as new Build Order

Cham Zerg - Winner!

Build Orders: Hatch First 

Get SALT Encoding   

  12  0:00  Drone  
  13  0:11  Overlord  
  13  0:16  Drone  
  14  0:30  Drone x2  
  17  0:50  Drone, Hatchery  
  17  0:54  Drone  
  17  1:06  Spawning Pool  
  17  1:10  Drone  
  17  1:13  Extractor  
  17  1:15  Drone  
  17  1:19  Drone  
  18  1:28  Drone  
  19  1:45  Drone  
  20  1:50  Drone  
  21  2:01  Queen x2  
  21  2:02  Drone, Overlord  
  26  2:11  Overlord  
  26  2:12  Drone  
  27  2:21  Drone  
  28  2:24  Drone  
  29  2:34  Drone x2  
  31  2:37  Lair  
  31  2:43  Evolution Chamber  
  31  2:44  Drone  
  31  2:46  Drone, Roach Warren  
  31  2:53  Overlord  
  31  2:55  Drone  
  32  3:04  Drone  
  33  3:08  Zerg Missile Weapons Level 1  
  33  3:09  Drone  
  33  3:10  Drone x4  
  33  3:12  Drone  
  39  3:15  Drone  
  40  3:22  Evolution Chamber  
  40  3:26  Roach x2  
  43  3:29  Drone  
  43  3:31  Overlord  
  44  3:38  Extractor x2  
  44  3:39  Drone  
  43  3:42  Drone x5  
  43  3:43  Drone  
  43  3:47  Glial Reconstitution  
  49  3:56  Overlord  
  49  3:58  Roach  
  49  3:59  Extractor  
  50  4:06  Drone x2  
  52  4:15  Drone x2  
  52  4:16  Overlord  
  54  4:17  Roach x2  
  54  4:20  Overlord  
  54  4:22  Roach x2  
  62  4:26  Roach  
  62  4:30  Roach  
  66  4:39  Drone, Hatchery  
  66  4:42  Overlord  
  66  4:47  Roach x3  
  66  4:49  Overlord  
  66  4:51  Roach x2  
  76  4:58  Overlord  
  76  5:01  Roach  
  76  5:04  Zerg Missile Weapons Level 2  
  78  5:07  Zerg Ground Armor Level 1  
  78  5:09  Roach  
  78  5:12  Roach  
  82  5:14  Roach  
  82  5:18  Overlord  
  82  5:20  Roach  
  86  5:22  Roach  
  86  5:25  Roach  
  90  5:29  Roach x2  
  90  5:33  Overlord  
  94  5:37  Roach  
  94  5:38  Roach  
  94  5:40  Roach  
  100  5:50  Drone x5  
  100  5:51  Roach  
  100  5:53  Roach  
  100  5:55  Roach  
  111  5:57  Roach  
  111  5:59  Roach  
  115  6:04  Overlord  
  115  6:06  Roach  
  115  6:09  Roach  
  115  6:11  Roach  
  121  6:17  Overlord  
  121  6:22  Overlord  
  121  6:23  Roach  
  121  6:24  Roach  
  121  6:25  Roach  
  127  6:26  Roach  
  127  6:30  Overlord  
  127  6:31  Overlord  
  129  6:33  Overlord  
  129  6:41  Overlord  
  129  6:43  Roach x3  
  129  6:45  Roach  
  137  6:50  Roach  
  137  6:52  Roach  
  137  6:53  Roach x2  
  145  6:55  Roach  
  145  6:57  Roach  
  145  6:59  Roach  
  145  7:01  Roach  
  153  7:02  Ravager  
  153  7:03  Ravager x2  
  153  7:06  Roach  
  158  7:10  Roach x2  
  146  7:23  Roach x2  
  131  7:31  Roach x2, Ravager x2  
  131  7:32  Roach x5  
  147  7:37  Roach x2  
  147  7:43  Roach x3  
  157  7:44  Roach  
  157  7:48  Roach  
  161  7:58  Drone  
  161  8:00  Overlord x2  
  161  8:03  Zerg Ground Armor Level 2  
  162  8:08  Overlord  
  162  8:17  Queen, Overlord  
  164  8:21  Roach x5  
  164  8:26  Roach x2  
  176  8:32  Roach x2  
  176  8:36  Roach x2  
  176  8:37  Roach  
  176  8:39  Roach  
  182  8:42  Roach  
  176  8:49  Roach x2  
  176  8:52  Roach  
  176  8:53  Roach  
  164  9:01  Tunneling Claws  
  164  9:03  Burrow  
  164  9:05  Drone x3  
  164  9:07  Extractor  
  166  9:10  Roach  
  166  9:13  Overlord  
  166  9:14  Roach  
  172  9:24  Roach x3  
  172  9:30  Roach  
  172  9:31  Roach x5  
  186  9:33  Overlord  
  188  9:40  Overlord  
  184  9:54  Roach x4  
  184  9:56  Overlord  
  184  9:58  Roach x3  
  184  9:59  Roach  
  200  10:02  Overlord x2  
  198  10:11  Overlord  
  198  10:12  Overlord  
  196  10:19  Roach x2  
  194  10:30  Roach  
  194  10:31  Roach x2  
  188  10:47  Roach x4  
  188  10:48  Roach x6  
  170  10:52  Roach  
  138  10:57  Roach x2  
  138  11:02  Roach  
  130  11:05  Roach  
  130  11:06  Roach  
  130  11:10  Queen  
  136  11:12  Roach  
  136  11:14  Roach x2  
  142  11:21  Roach x23  
  142  11:22  Ravager  
  142  11:23  Ravager  
  144  11:26  Roach x3  
  144  11:29  Ravager  
  151  11:33  Roach  
  151  11:35  Roach  
  151  11:36  Roach x5  
  151  11:39  Roach x2  
  169  11:42  Roach x9  
  169  11:43  Roach  
  171  11:48  Hatchery  
  171  11:52  Roach x2  
  174  11:55  Roach  
  174  11:59  Roach x8  
  174  12:01  Roach x2  
  176  12:10  Roach  
  176  12:11  Roach x6  
  176  12:13  Roach x8  
  190  12:20  Roach  
  190  12:21  Roach x2  
  194  12:28  Roach x3  
  194  12:29  Roach  
  198  12:44  Roach  
  190  12:59  Roach x3  
  182  13:09  Roach  
  182  13:10  Roach x10  
  170  13:23  Roach x5  
  168  13:27  Roach  
  168  13:31  Roach x5  
  160  13:34  Roach  
  160  13:35  Roach  
  160  13:36  Roach x2  
  160  13:37  Roach  
  160  13:40  Roach x3  
Tags
 
Add a new tag
Caveats
  • Supply blocks, unpowered buildings, or Contaminate may cause inaccurate times.
  • Supply counts are checked every 10 seconds.